AoeStats
← Talan

MegaRandom

506571111Analyzed
1v1 RM · 19d ago on Sep 14, 2026· 50m 17s· 2 players
Game mode
Random Map
Map size
Tiny (2 player)
Population
200
Speed
Normal
Resources
Standard
Victory
Conquest
Starting age
Dark Age
Ending age
Imperial Age
RankedLock teamsTeams togetherTeam positionsShared explorationLock speedFull tech treeHidden civsTurbo modeCheats
Victory
Defeat
🇲🇽 Khmer · Mexico
1029
+15
🇨🇱 Japanese · Chile
1006
-15
Talan
3:22 Loom
10:53 Feudal Age
11:19 Double-Bit Axe
11:14 Horse Collar
13:42 Man-at-Arms
15:27 Town Watch
18:26 Wheelbarrow
17:41 Arson
18:30 Scale Mail Armor
26:08 Castle Age
24:28 Stone Mining
24:29 Gold Mining
31:15 Forging
32:55 Squires
34:48 Iron Casting
34:31 Chain Mail Armor
35:36 Bow Saw
43:00 Iron Casting
50:21 Heavy Plow
Truchason
3:39 Loom
8:40 Feudal Age
10:49 Wheelbarrow
14:23 Castle Age
13:38 Double-Bit Axe
14:10 Bloodlines
21:08 Town Watch
24:09 Husbandry
27:23 Herbal Medicine
28:40 Bow Saw
32:02 Scale Barding Armor
40:48 Fletching
43:14 Tusk Swords
44:38 Forging
47:32 Iron Casting
49:34 Chain Barding Armor
Connection lost

Rejoining the realm…

Still unreachable

The connection could not be restored.

Session expired

The server has moved on; the page needs a fresh start.